 Dungeon Crawl Stone Soup version 0.29-a0-419-g77450f2105 (webtiles) character file.

Game seed: 8609586248023159560

253482 Bruhh the Warrior (level 20, -10/166 HPs)
             Began as a Barachi Ice Elementalist on May 17, 2022.
             Was a High Priest of Qazlal.
             Mangled by a great orb of eyes (11 damage)
             ... on level 5 of the Pits of Slime on May 18, 2022.
             The game lasted 02:10:55 (57310 turns).

Bruhh the Warrior (Barachi Ice Elementalist)       Turns: 57310, Time: 02:10:56

Health: -10/166    AC: 12    Str: 13    XL:     20   Next: 15%
Magic:  1/49       EV: 33    Int: 30    God:    Qazlal [*****.]
Gold:   2077       SH:  7    Dex: 19    Spells: 3/51 levels left

rFire   + . .      SeeInvis .   (weapon currently unavailable)
rCold   + . .      Faith    +   (shield currently unavailable)
rNeg    . . .      Spirit   .   (body armour currently unavailable)
rPois   ∞          Reflect  .   (helmet currently unavailable)
rElec   +          Harm     .   (cloak currently unavailable)
rCorr   .          Rampage  .   (gloves currently unavailable)
Will    +....      Rage     3%  (boots currently unavailable)
Stlth   +.........              j - amulet of the Ban {Faith rF+ MP+9 Int+4}
HPRegen 0.37/turn               D - ring "Xerafaif" {rC+ EV+4 Str+3 Dex+3}
MPRegen 0.31/turn               W - ring of the Swan {Wiz Int+3 Dex+2 Stlth+}

@: about to teleport, storm-form, protected from physical damage, corroded,
flying, repel missiles
A: cleaving, flying, amphibious, (slowness 1), (strong legs 2), +LOS, berserk 2
}: 1/15 runes: decaying
a: Blinkbolt, End Transformation, Renounce Religion, Upheaval, Elemental Force,
Disaster Area


You were on level 5 of the Pits of Slime.
You worshipped Qazlal.
Qazlal was extremely pleased with you.
You were a lightning-filled tempest!
You visited 9 branches of the dungeon, and saw 37 of its levels.

You collected 4559 gold pieces.
You spent 2482 gold pieces at shops.

Inventory:

Hand Weapons
 A - the +6 morningstar of Benevolence (melded) {freeze, rF+ Will+ Int+3}
   (You took it off a meliai on level 9 of the Dungeon)

   It freezes those it strikes, dealing additional cold damage.
   It can also slow down cold-blooded creatures.
   Int:       It affects your intelligence (+3).
   rF:        It protects you from fire.
   Will:      It increases your willpower.
Missiles
 N - 2 throwing nets
Armour
 b - a +0 cloak (melded)
 L - the +0 leather armour of the Cockroach (melded) {Rampage +Blink SInv}
   (You found it on level 11 of the Dungeon)

   SInv:      It lets you see invisible.
   +Blink:    It lets you blink.
   Rampage:   It bestows one free step when moving towards enemies.
 O - the +0 pair of fencer's gloves (melded) {Riposte Dex+3}
   (You bought it in a shop on level 2 of the Orcish Mines)

   It allows the wearer to riposte with melee weapons, swiftly retaliating
   against missed or blocked attacks.
   Dex:       It affects your dexterity (+3).
 V - a +0 pair of boots (melded)
 Y - a +2 hat (melded)
Jewellery
 f - a +4 ring of slaying
 j - the amulet of the Ban (around neck) {Faith rF+ MP+9 Int+4}
   (You found it on level 6 of the Dungeon)

   [amulet of faith]

   It allows you to gain divine favour quickly.
   Int:       It affects your intelligence (+4).
   rF:        It protects you from fire.
   MP:        It affects your magic capacity (+9).
 k - the ring of False Pretenses {rPois rC+ Str+4 Dex+3 Slay-3}
   (You took it off a centaur warrior on level 9 of the Dungeon)

   [ring of poison resistance]

   Str:       It affects your strength (+4).
   Dex:       It affects your dexterity (+3).
   Slay:      It affects your accuracy & damage with ranged weapons and melee
   (-3).
   rC:        It protects you from cold.
   rPois:     It protects you from poison.
 l - a +4 ring of evasion
 m - the amulet "Fusu" {Spirit Rampage *Corrode Int+2 Slay+5}
   (You took it off a deep elf archer on level 3 of the Elven Halls)

   [amulet of guardian spirit]

   It causes incoming damage to be divided between your reserves of health and
   magic.
   Int:       It affects your intelligence (+2).
   Slay:      It affects your accuracy & damage with ranged weapons and melee
   (+5).
   *Corrode:  It may corrode you when you take damage.
   Rampage:   It bestows one free step when moving towards enemies.
 w - a ring of willpower
 y - a ring of magical power
 D - the ring "Xerafaif" (left fist) {rC+ EV+4 Str+3 Dex+3}
   (You took it off a meliai on level 9 of the Dungeon)

   [ring of evasion]

   EV:        It affects your evasion (+4).
   Str:       It affects your strength (+3).
   Dex:       It affects your dexterity (+3).
   rC:        It protects you from cold.
 E - a ring of wizardry
 K - a ring of protection from cold
 P - a ring of resist corrosion
 R - an amulet of reflection
 W - the ring of the Swan (right fist) {Wiz Int+3 Dex+2 Stlth+}
   (You bought it in a shop on level 2 of the Orcish Mines)

   [ring of wizardry]

   It improves your spell success rate.
   Int:       It affects your intelligence (+3).
   Dex:       It affects your dexterity (+2).
   Stlth:     It makes you more stealthy.
Wands
 d - a wand of iceblast (25)
 i - a wand of flame (84)
 p - a wand of digging (24)
 I - a wand of acid (5)
 X - a wand of mindburst (5)
Scrolls
 e - 7 scrolls of immolation
 h - 5 scrolls of magic mapping
 r - 5 scrolls of vulnerability
 s - 5 scrolls of torment
 t - 2 scrolls of silence
 u - 6 scrolls of poison
 v - 6 scrolls of fog
 x - 2 scrolls of blinking
 C - 3 scrolls of enchant weapon
 F - 5 scrolls of enchant armour
 G - 6 scrolls of amnesia
 H - 2 scrolls of summoning
 S - a scroll of brand weapon
 T - 6 scrolls of fear
Potions
 a - 2 potions of resistance
 c - 3 potions of brilliance
 g - 5 potions of might
 n - 6 potions of flight
 o - 5 potions of heal wounds
 q - 4 potions of berserk rage
 z - 3 potions of haste
 B - a potion of cancellation
 M - 7 potions of curing
 U - a potion of attraction
Miscellaneous
 J - a phial of floods


   Skills:
 - Level 16.5 Fighting
 - Level 11.0 Armour
 - Level 15.0 Dodging
 - Level 1.7 Stealth
 - Level 16.0 Spellcasting
 - Level 14.0 Summonings
 - Level 8.0 Transmutations
 - Level 12.0 Ice Magic
 + Level 9.4 Air Magic
 - Level 16.0 Invocations


You had 3 spell levels left.
You knew the following spells:

 Your Spells              Type           Power      Damage    Failure   Level
a - Freeze                Ice            100%       1d11      0%          1
b - Ozocubu's Refrigerat  Ice            38%        4d12      4%          7
c - Ozocubu's Armour      Ice            77%        N/A       1%          3
d - Storm Form            Tmut/Air       33%        N/A       17%         7
e - Summon Cactus Giant   Summ           41%        N/A       1%          6
f - Summon Mana Viper     Hex/Summ       60%        N/A       1%          5
g - Monstrous Menagerie   Summ           41%        N/A       1%          7
h - Summon Hydra          Summ           41%        N/A       1%          7
i - Summon Forest         Summ/Tloc      30%        N/A       1%          5

Your spell library contained the following spells:

 Spells                   Type           Power      Damage    Failure   Level
 Summon Small Mammal      Summ           100%       N/A       0%          1
 Call Canine Familiar     Summ           83%        N/A       0%          3
 Animate Skeleton         Necr           48%        N/A       1%          1
 Pain                     Necr           96%        1d8       1%          1
 Blink                    Tloc           48%        N/A       1%          2
 Corpse Rot               Necr/Air       100%       N/A       1%          2
 Ensorcelled Hibernation  Hex/Ice        100%       N/A       1%          2
 Poisonous Vapours        Pois/Air       100%       N/A       1%          2
 Scorch                   Fire           48%        2d7       1%          2
 Sublimation of Blood     Necr           24%        N/A       1%          2
 Wereblood                Tmut           64%        N/A       1%          2
 Frozen Ramparts          Ice            100%       1d12      1%          3
 Ignite Poison            Fire/Tmut/Pois 39%        N/A       1%          3
 Mephitic Cloud           Conj/Pois/Air  42%        N/A       1%          3
 Spider Form              Tmut/Pois      48%        N/A       1%          3
 Summon Guardian Golem    Hex/Summ       60%        N/A       1%          3
 Lesser Beckoning         Tloc           24%        N/A       2%          3
 Portal Projectile        Hex/Tloc       48%        N/A       2%          3
 Vampiric Draining        Necr           24%        2d7       2%          3
 Hailstorm                Conj/Ice       56%        3d12      1%          4
 Ice Form                 Ice/Tmut       71%        N/A       1%          4
 Summon Ice Beast         Ice/Summ       80%        N/A       1%          4
 Summon Lightning Spire   Summ/Air       76%        N/A       1%          4
 Blade Hands              Tmut           32%        N/A       1%          5
 Freezing Cloud           Conj/Ice/Air   30%        6-21      1%          5
 Anguish                  Hex/Necr       12%        N/A       8%          4
 Flame Wave               Conj/Fire      24%        2d7       8%          4
 Olgreb's Toxic Radiance  Pois           24%        N/A       8%          4
 Agony                    Necr           24%        N/A       21%         5
 Excruciating Wounds      Necr           12%        N/A       21%         5
 Manifold Assault         Tloc           24%        N/A       21%         5
 Maxwell's Capacitive Co  Air            34%        ∞         67%         8
 Ignition                 Fire           12%        3d6       100%        8


Dungeon Overview and Level Annotations

Branches:
Dungeon (14/15)            Temple (1/1) D:5            Lair (6/6) D:10
  Swamp (4/4) Lair:3       Spider (1/4) Lair:4        Slime (5/5) Lair:5
    Orc (2/2) D:11            Elf (3/3) Orc:2        Vaults (1/5) D:14

Altars:
Ashenzari
Cheibriados
Dithmenos
Elyvilon
Fedhas
Gozag
Hepliaklqana
Kikubaaqudgha
Makhleb
Nemelex Xobeh
Okawaru
Qazlal
Ru
Sif Muna
Trog
Uskayaw
Vehumet
Wu Jian
Xom
Yredelemnul
Zin
The Shining One

Shops:
D:1 [   D:13 (   Orc:2 :([==   Elf:1 [[(?

Portals:
Trove: D:14 (lose all piety)

Annotations:
D:3 1 runed translucent door, crabbyslav's ghost, amateur DsCK
D:10 Nergalle
Lair:3 exclusion: oklob plant
Swamp:4 2 transporters, Turbonekonecno's ghost, adept SpEn
Slime:5 Royal Jelly


Innate Abilities, Weirdness & Mutations

You are a lightning-filled tempest!
Your electrical attacks strike out in all directions at once.
You are incredibly evasive.
You are flying.
You are immune to poison.
Your armour is entirely melded.
You are incapable of wielding weapons or throwing items.
You are amphibious.
((You cover ground slowly.))
((You can hop long distances.))
You have an extended range of vision and can be seen from far away.
You often lose your temper in combat.


Message History

An acid blob comes into view.
The acid blob quivers.
The great orb of eyes gazes at you.
You feel your power leaking away.
As you read the scroll of teleportation, it crumbles to dust.
You feel strangely unstable. The great orb of eyes gazes at you.
You resist with some effort.
Your manticore bites the great orb of eyes!
Your manticore claws the great orb of eyes.
Your manticore claws the great orb of eyes but does no damage.
The acid blob spits acid at you. The splash of acid hits you!!
* * * LOW HITPOINT WARNING * * *
The acid blob spits acid at you.
The splash of acid hits your manticore!!
The great orb of eyes bites your manticore but does no damage.
Your manticore flicks its tail.
The volley of spikes hits the acid blob!
Space becomes stable.
The acid blob spits acid at you. The splash of acid hits you!
* * * LOW HITPOINT WARNING * * *
The acid corrodes you! The great orb of eyes gazes at you.
You resist with some effort.
Your manticore flicks its tail.
The volley of spikes hits the acid blob!
The great orb of eyes gazes at you.
You feel your power leaking away. The acid blob spits acid at you.
The splash of acid hits you!
* * * LOW HITPOINT WARNING * * *
The acid corrodes you!
Your manticore flicks its tail.
The volley of spikes hits the acid blob!
Your magical contamination has completely faded away.
The great orb of eyes attacks as you move away!
The great orb of eyes bites you!
You die...

###...........
##....J..J.....
#.....GH.......
.#.###..............
....................
....................
........°§○.........
.....J..............
..........Gv........
.........°§..☼......
...........☼........
...................#
................####
................#
.............#.#
..........#####
........##


You could see 3 acid blobs, 2 great orbs of eyes and a friendly manticore
(summoned).

Vanquished Creatures
  3 deep elf master archers (Elf:3)
  5 acid blobs
  An azure jelly (Slime:2)
  2 deep elf sorcerers (Elf:3)
  2 deep elf elementalists (Elf:3)
  Louise (Swamp:1)
  An ironbound preserver (Vaults:1)
  2 quicksilver oozes
  2 broodmothers
  A war gargoyle (Vaults:1)
  An eleionoma (Swamp:2)
  A deep elf demonologist (Elf:3)
  3 deep elf annihilators (Elf:3)
  A bunyip (Swamp:4)
  A spark wasp (Spider:1)
  3 deep elf death magi
  A deep elf high priest (Elf:3)
  A vault guard (D:14)
  2 boulder beetles
  2 centaur warriors (D:13)
  A peacekeeper (Vaults:1)
  An ironbound frostheart (Vaults:1)
  An alligator (Swamp:4)
  3 hydras
  A dancing weapon (Elf:2)
  A two-headed ogre (D:12)
  An orc high priest (Orc:2)
  5 deep elf knights
  A spriggan berserker (Swamp:1)
  A goliath frog (Swamp:2)
  A deep troll (Vaults:1)
  A spriggan druid (Swamp:4)
  A deep elf archer (Elf:1)
  A swamp dragon (Swamp:4)
  A bog body (Swamp:4)
  2 lindwurms (Vaults:1)
  Pikel (D:6)
  A wizard (Vaults:1)
  A harpy (shapeshifter) (Elf:3)
  An ironbound convoker (Vaults:1)
  An orc knight (Orc:1)
  6 deep elf zephyrmancers
  8 deep elf pyromancers
  10 nameless horrors
  A wolf spider (Lair:6)
  5 ugly things
  3 cyclopes
  4 orc sorcerers
  An elephant (Lair:4)
  A vault sentinel (Vaults:1)
  A black mamba (Lair:6)
  A torpor snail (shapeshifter) (D:14)
  An eye of devastation (Slime:3)
  A cane toad (Lair:6)
  An unseen horror (D:13)
  A komodo dragon (Lair:3)
  A kobold demonologist (D:9)
  3 yaktaurs (Vaults:1)
  7 dream sheep
  4 hornets
  2 tyrant leeches (Swamp:2)
  5 blink frogs
  A slime creature (shapeshifter) (Elf:3)
  41 slime creatures
  A spriggan (Swamp:4)
  3 air elementals
  11 yaks
  Sigmund (D:4)
  3 wyverns
  3 redbacks
  Eustachio (D:5)
  A fire elemental (Elf:3)
  7 vampire mosquitoes
  2 basilisks
  4 swamp worms
  A warg (Orc:2)
  10 water moccasins
  2 swamp drakes (Swamp:4)
  7 orc warriors
  An ice beast (D:5)
  4 ogres
  2 wolves
  A boggart (Vaults:1)
  3 lemures (D:5)
  A phantom (D:7)
  6 bullfrogs
  A scorpion (D:5)
  2 wyvern zombies (D:6)
  A water moccasin zombie (D:6)
  A wight (D:6)
  A killer bee (D:8)
  4 howler monkeys
  2 bullfrog zombies (D:6)
  2 jellies (D:5)
  13 orc priests
  Crazy Yiuf (D:6)
  4 iguanas
  12 orc wizards
  10 gnolls
  10 adders
  A shadow imp (D:6)
  2 white imps (D:6)
  2 ufetubi
  A dart slug (D:3)
  27 orcs
  7 endoplasms
  4 giant cockroaches
  8 goblins
  9 hobgoblins
  11 jackals
  7 kobolds
  3 quokkas
  7 ball pythons
  4 bats
  3 frilled lizards
  9 rats
  4 snaplasher vines
421 creatures vanquished.

Vanquished Creatures (collateral kills)
  the Lernaean hydra (Swamp:4)
  Rupert (Lair:3)
  Mlioglotl (Swamp:3)
  A deep elf master archer (Elf:3)
  2 acid blobs
  2 deep elf blademasters (Elf:3)
  Frances (D:13)
  A thorn hunter (Swamp:3)
  Kirke (Lair:5)
  A rockslime (Slime:1)
  3 deep elf sorcerers
  A ghost moth (Spider:1)
  An ironbound preserver (Vaults:1)
  A stone giant (Vaults:1)
  A deep elf elementalist (Elf:3)
  2 quicksilver oozes
  3 deep elf demonologists (Elf:3)
  5 eleionomae
  5 bunyips
  3 dire elephants (Vaults:1)
  5 deep elf annihilators
  A crystal guardian (Vaults:1)
  7 deep elf death magi
  2 deep elf high priests (Elf:3)
  A shambling mangrove (Swamp:1)
  Fannar (Orc:1)
  2 ironbound frosthearts (Vaults:1)
  2 vault guards (D:14)
  3 boulder beetles
  2 centaur warriors
  2 ogre magi
  21 hydras
  6 two-headed ogres
  A death knight (D:14)
  26 dancing weapons
  2 tengu warriors (D:10)
  2 alligators (Swamp:2)
  6 death yaks (Lair:2)
  Urug (D:12)
  A spriggan berserker (Swamp:4)
  5 spriggans
  Sonja (D:12)
  8 deep elf knights
  A goliath frog (Swamp:4)
  A sun moth (Spider:1)
  2 skeletal warriors (D:14)
  11 bog bodies
  5 deep trolls (Vaults:1)
  An orb spider (Spider:1)
  A wizard (D:14)
  4 spriggan druids
  5 orc knights
  8 swamp dragons (Swamp:4)
  A phantasmal warrior (D:14)
  4 ironbound convokers (Vaults:1)
  7 deep elf archers
  12 deep elf pyromancers
  3 oklob plants
  2 lindwurms (Vaults:1)
  An orc sorcerer (Orc:2)
  5 harpies (Vaults:1)
  A salamander (shapeshifter) (D:14)
  2 wolf spiders (Spider:1)
  7 ugly things
  A shining eye (Lair:5)
  27 deep elf zephyrmancers
  4 cyclopes
  A manticore (D:12)
  6 nameless horrors
  6 elephants
  6 vault sentinels (Vaults:1)
  13 cane toads
  4 black mambas
  A gargoyle (D:12)
  A guardian serpent (Lair:6)
  A water nymph (shapeshifter) (Elf:3)
  2 kobold demonologists
  8 komodo dragons
  2 demonic crawlers (Spider:1)
  3 rime drakes
  Psyche (D:11)
  A freezing wraith (D:14)
  3 yaktaurs
  A meliai (shapeshifter) (D:9)
  A meliai (D:9)
  6 polar bears
  7 tyrant leeches
  A tarantella (Spider:1)
  2 trolls
  6 hornets
  43 slime creatures
  15 dream sheep
  24 blink frogs
  3 jumping spiders (Spider:1)
  An air elemental (Elf:1)
  3 vampires
  A wraith (D:9)
  5 shadows
  3 water elementals
  10 wyverns
  2 fire elementals
  10 vampire mosquitoes
  44 yaks
  4 basilisks
  4 hogs (Lair:5)
  Grum (D:10)
  2 redbacks
  A two-headed ogre zombie (D:11)
  8 swamp worms
  2 wargs
  29 water moccasins
  An ice beast (D:7)
  11 orc warriors
  7 swamp drakes
  4 boggarts (Vaults:1)
  5 ogres
  19 wolves
  8 centaurs
  A lemure (D:6)
  A phantom (D:4)
  3 kobold brigands (D:9)
  2 gnoll sergeants (D:12)
  3 necrophages
  4 bullfrogs
  5 earth elementals
  7 wights
  6 killer bees (D:9)
  2 troll zombies (D:11)
  2 howler monkeys
  3 electric eels
  A centaur zombie (D:6)
  2 gnoll shamans
  A hound (D:7)
  19 orc priests
  A jelly (D:7)
  An iguana (D:6)
  17 orc wizards
  5 ogre zombies (D:11)
  A howler monkey zombie (D:6)
  9 gnolls
  6 adders (Lair:2)
  2 dart slugs
  26 orcs
  3 kobolds (D:10)
  A goblin zombie (D:11)
  3 hobgoblin zombies (D:11)
  5 orc skeletons (D:11)
  16 orc zombies (D:11)
  A bush (Lair:2)
  A plant (Lair:2)
  A snaplasher vine (Swamp:4)
  A toadstool (Swamp:3)
776 creatures vanquished.

Vanquished Creatures (others)
  A deep elf annihilator (Elf:3)
  Snorg (Lair:3)
  A dancing weapon (Elf:2)
  2 deep elf knights (Elf:2)
  A deep elf archer (Elf:3)
  A deep elf pyromancer (Elf:1)
  A black mamba (Lair:6)
  3 bloated husks
  A water moccasin (Lair:6)
  An orc priest (Orc:2)
  An orc wizard (Orc:2)
  An adder (Lair:2)
  2 orcs
  37 fungi
  66 plants
  5 snaplasher vines
  7 toadstools (Swamp:3)
  2 withered plants (D:4)
134 creatures vanquished.

Grand Total: 1331 creatures vanquished

Notes
Turn   | Place    | Note
-------+----------+-------------------------------------------
     0 | D:1      | Bruhh the Barachi Ice Elementalist began the quest for the
                  | Orb.
     0 | D:1      | Reached XP level 1. HP: 13/13 MP: 3/3
   151 | D:1      | Reached skill level 5 in Ice Magic
   151 | D:1      | Reached XP level 2. HP: 18/19 MP: 0/5
   270 | D:1      | Found Coymimot's Antique Armour Emporium.
   703 | D:1      | Reached XP level 3. HP: 20/24 MP: 0/7
  1481 | D:2      | Learned a level 3 spell: Frozen Ramparts
  1485 | D:2      | Learned a level 3 spell: Ozocubu's Armour
  1797 | D:2      | Reached XP level 4. HP: 30/30 MP: 7/9
  2287 | D:2      | Learned a level 4 spell: Summon Ice Beast
  2677 | D:3      | Reached XP level 5. HP: 35/35 MP: 9/11
  2885 | D:3      | Reached skill level 1 in Summonings
  3100 | D:3      | Found a runed translucent door.
  3105 | D:3      | Noticed crabbyslav's ghost (amateur DsCK)
  3324 | D:4      | Noticed a phantom
  3359 | D:4      | Killed a phantom
  3360 | D:4      | Reached XP level 6. HP: 31/41 MP: 9/13
  3538 | D:4      | Reached skill level 5 in Spellcasting
  3825 | D:4      | Found a broken altar of Ashenzari.
  4241 | D:4      | Found an ancient bone altar of Kikubaaqudgha.
  4364 | D:4      | Noticed Sigmund
  4386 | D:4      | Killed Sigmund
  4387 | D:4      | Reached skill level 5 in Summonings
  4387 | D:4      | Reached XP level 7. HP: 46/46 MP: 3/14
  4830 | D:5      | Entered Level 5 of the Dungeon
  5491 | D:5      | Identified a scroll of acquirement
  5493 | D:5      | Acquired a book of Scorching
  5574 | D:5      | Reached skill level 1 in Fighting
  5574 | D:5      | Reached XP level 8. HP: 39/54 MP: 0/15
  5996 | D:5      | Found a staircase to the Ecumenical Temple.
  6016 | Temple   | Entered the Ecumenical Temple
  6449 | Temple   | Became a worshipper of Qazlal Stormbringer
  6760 | D:5      | Noticed Eustachio
  6776 | D:5      | Killed Eustachio
  6777 | D:5      | Reached skill level 5 in Fighting
  7003 | D:6      | Noticed Pikel
  7758 | D:6      | Reached XP level 9. HP: 34/68 MP: 12/16
  8110 | D:6      | Found a basalt altar of Yredelemnul.
  8202 | D:6      | Killed Pikel
  8203 | D:6      | Reached skill level 10 in Summonings
  8383 | D:6      | Learned a level 6 spell: Summon Cactus Giant
  8458 | D:6      | Found a runed translucent door.
  8459 | D:6      | Noticed Crazy Yiuf
  8462 | D:6      | Acquired 1186 gold pieces
  8496 | D:6      | Killed Crazy Yiuf
  8633 | D:6      | Identified the amulet of the Ban {Faith rF+ MP+9 Int+4}
  9170 | D:7      | Reached * piety under Qazlal
  9280 | D:7      | Noticed a nameless horror
  9303 | D:6      | Gained mutation: You are dopey. (Int -2) [potion of
                  | mutation]
  9303 | D:6      | Gained mutation: You are agile. (Dex +2) [potion of
                  | mutation]
  9303 | D:6      | Gained mutation: You are partially covered in iridescent
                  | scales. (AC +2) [potion of mutation]
  9306 | D:6      | Killed a nameless horror
 10235 | D:7      | Reached skill level 10 in Fighting
 10653 | D:7      | Found a shimmering blue altar of Sif Muna.
 10663 | D:7      | Found a sparkling altar of Nemelex Xobeh.
 11268 | D:8      | Reached XP level 10. HP: 34/85 MP: 13/17
 11848 | D:8      | Found an ornate altar of the Wu Jian Council.
 12494 | D:8      | Found a glowing silver altar of Zin.
 12718 | D:9      | Noticed a seven-headed hydra
 12727 | D:9      | Killed a seven-headed hydra
 12846 | D:9      | Found an iron altar of Okawaru.
 12875 | D:9      | Found a white marble altar of Elyvilon.
 12963 | D:9      | Found an opulent altar of Gozag.
 12969 | D:9      | Reached ** piety under Qazlal
 13354 | D:9      | Reached XP level 11. HP: 36/90 MP: 23/23
 13593 | D:9      | Found a shimmering altar of Xom.
 13674 | D:9      | Learned a level 5 spell: Summon Mana Viper
 13723 | D:9      | Noticed a two-headed ogre
 13733 | D:9      | Killed a two-headed ogre
 14106 | D:9      | Reached *** piety under Qazlal
 14295 | D:9      | Identified the +6 morningstar of Benevolence {freeze, rF+
                  | Will+ Int+3}
 14302 | D:9      | Noticed a green ugly thing
 14311 | D:9      | Killed a green ugly thing
 14312 | D:9      | Noticed a cyclops
 14316 | D:9      | Noticed a green ugly thing
 14317 | D:9      | Identified the +1 scale mail of Ilesuorym {rElec}
 14317 | D:9      | Identified the ring "Xerafaif" {rC+ EV+4 Str+3 Dex+3}
 14318 | D:9      | Killed a cyclops
 14319 | D:9      | Reached skill level 10 in Spellcasting
 14323 | D:9      | Killed a green ugly thing
 14332 | D:9      | Noticed a boulder beetle
 14576 | D:9      | Identified the ring of the Sparrow {Wiz rPois rN+ Will-}
 14831 | D:9      | Identified the amulet "Tenkankotre" {RegenMP rF+ rN++
                  | Regen+ Int-5}
 14831 | D:9      | Identified the +7 broad axe "Zirav" {distort, Fly Int+3}
 14831 | D:9      | Identified the ring of False Pretenses {rPois rC+ Str+4
                  | Dex+3 Slay-3}
 14831 | D:9      | Noticed a centaur warrior
 15250 | D:9      | Killed a centaur warrior
 15533 | D:9      | Killed a boulder beetle
 16061 | D:9      | Learned a level 7 spell: Monstrous Menagerie
 16245 | D:10     | Entered Level 10 of the Dungeon
 16267 | D:10     | Noticed a tengu warrior
 16268 | D:10     | Noticed a tengu warrior
 16272 | D:10     | Killed a tengu warrior
 16280 | D:10     | Killed a tengu warrior
 16281 | D:10     | Reached skill level 1 in Armour
 16281 | D:10     | Reached XP level 12. HP: 97/97 MP: 17/28
 16457 | D:10     | Noticed a two-headed ogre
 16463 | D:10     | Killed a two-headed ogre
 16626 | D:10     | Noticed a two-headed ogre
 16631 | D:10     | Killed a two-headed ogre
 16782 | D:10     | Found a staircase to the Lair.
 17082 | D:10     | Noticed Grum
 17094 | D:10     | Killed Grum
 17305 | D:10     | Found a sacrificial altar of Ru.
 17359 | D:10     | Reached skill level 5 in Dodging
 17844 | D:10     | Found a shadowy altar of Dithmenos.
 17870 | D:10     | Noticed Nergalle
 18257 | D:10     | Reached skill level 5 in Armour
 18280 | Lair:1   | Entered Level 1 of the Lair of Beasts
 18294 | Lair:1   | Reached **** piety under Qazlal
 19742 | Lair:2   | Noticed a death yak
 19742 | Lair:2   | Noticed a death yak
 19744 | Lair:2   | Noticed a death yak
 19745 | Lair:2   | Noticed a death yak
 19746 | Lair:2   | Noticed a death yak
 19749 | Lair:2   | Killed a death yak
 19751 | Lair:2   | Noticed a death yak
 19751 | Lair:2   | Killed a death yak
 19756 | Lair:2   | Killed a death yak
 19757 | Lair:2   | Gained mutation: You can hop long distances. [Barachi
                  | growth]
 19757 | Lair:2   | Reached XP level 13. HP: 91/103 MP: 15/29
 19769 | Lair:2   | Reached skill level 1 in Invocations
 20288 | Lair:2   | Reached ***** piety under Qazlal
 20302 | Lair:2   | Reached skill level 10 in Armour
 20982 | Lair:2   | Learned a level 7 spell: Summon Hydra
 20987 | Lair:3   | Noticed Rupert
 20994 | Lair:3   | Killed Rupert
 21078 | Lair:3   | Found the +3 sling "Punk" {acid, rCorr}
 21929 | Lair:3   | Reached skill level 10 in Dodging
 22351 | Lair:3   | Noticed Snorg
 22379 | Lair:3   | Killed Snorg
 22652 | Lair:3   | Found a staircase to the Swamp.
 23118 | Lair:4   | Reached skill level 5 in Invocations
 23262 | Lair:4   | Reached XP level 14. HP: 101/110 MP: 21/30
 23964 | Lair:4   | Found a hole to the Spider Nest.
 24511 | Lair:5   | Found a staircase to the Slime Pits.
 24606 | Lair:5   | Noticed Kirke
 24617 | Lair:5   | Killed Kirke
 26095 | Lair:6   | Entered Level 6 of the Lair of Beasts
 26108 | Lair:6   | Paralysed by a hornet for 1 turns
 26484 | Lair:6   | Reached skill level 10 in Invocations
 27061 | Lair:6   | Reached ****** piety under Qazlal
 27407 | Lair:6   | Reached XP level 15. HP: 48/115 MP: 0/31
 28165 | Lair:1   | Lost mutation: You are dopey. (Int -2) [potion of mutation]
 28165 | Lair:1   | Lost mutation: You are agile. (Dex +2) [potion of mutation]
 28165 | Lair:1   | Gained mutation: You possess an exceptional clarity of
                  | mind. [potion of mutation]
 28165 | Lair:1   | Gained mutation: You have supernaturally acute eyesight.
                  | (SInv) [potion of mutation]
 28166 | Lair:1   | Lost mutation: You have supernaturally acute eyesight.
                  | (SInv) [potion of mutation]
 28166 | Lair:1   | Lost mutation: You are partially covered in iridescent
                  | scales. (AC +2) [potion of mutation]
 28166 | Lair:1   | Lost mutation: You possess an exceptional clarity of mind.
                  | [potion of mutation]
 28166 | Lair:1   | Gained mutation: You tend to lose your temper in combat.
                  | [potion of mutation]
 28385 | Lair:6   | Identified the +3 dagger of Midwinter {pain, Int-4 Dex+3}
 28963 | D:11     | Identified the +0 leather armour of the Cockroach {Rampage
                  | +Blink SInv}
 29472 | D:11     | Found a staircase to the Orcish Mines.
 29546 | D:11     | Identified the +4 quarterstaff of the Smoking Hero {venom,
                  | *Rage rN++ Int+2}
 29932 | D:11     | Noticed Psyche
 29937 | D:11     | Killed Psyche
 30132 | D:12     | Noticed Urug
 30140 | D:12     | Killed Urug
 30469 | D:12     | Noticed Sonja
 30473 | D:12     | Killed Sonja
 31962 | D:13     | Noticed Frances
 31972 | D:13     | Killed Frances
 32354 | D:13     | Reached skill level 15 in Fighting
 32547 | D:13     | Found Vaitedup's Weapon Boutique.
 32820 | D:14     | Found the +10 Black Knight's barding {ponderous, rPois rN+}
 33528 | D:14     | Found a gate to the Vaults.
 33536 | D:14     | Reached XP level 16. HP: 106/136 MP: 5/32
 33676 | D:14     | Identified the +3 scale mail of the Gastropod {Harm Int+4
                  | Slay+2 Stlth+}
 33789 | D:14     | Found a snail-covered altar of Cheibriados.
 34601 | D:14     | Found a portal to a secret trove of treasure.
 35266 | Orc:1    | Entered Level 1 of the Orcish Mines
 35266 | Orc:1    | Noticed Fannar
 35273 | Orc:1    | Killed Fannar
 35829 | Orc:2    | Entered Level 2 of the Orcish Mines
 37097 | Orc:2    | Found Duvuim's Armour Shoppe.
 37097 | Orc:2    | Found Mugeen's Book Emporium.
 37097 | Orc:2    | Found Jugg's Antique Weapon Emporium.
 37102 | Orc:2    | Found Etehimuu's Jewellery Shoppe.
 37105 | Orc:2    | Bought the +0 pair of fencer's gloves {Riposte Dex+3} for
                  | 600 gold pieces
 37105 | Orc:2    | Found the +0 pair of fencer's gloves {Riposte Dex+3}
 37132 | Orc:2    | Bought the ring of the Swan {Wiz Int+3 Dex+2 Stlth+} for
                  | 704 gold pieces
 37136 | Orc:2    | Bought the Unrestrained Analects for 572 gold pieces
 37136 | Orc:2    | Bought a book of the Wilderness for 494 gold pieces
 37143 | Orc:2    | Learned a level 5 spell: Summon Forest
 37182 | Orc:2    | Found Isatant's Jewellery Emporium.
 37314 | Orc:2    | Found a staircase to the Elven Halls.
 37476 | Elf:1    | Entered Level 1 of the Elven Halls
 37679 | Swamp:1  | Entered Level 1 of the Swamp
 37679 | Swamp:1  | Noticed Louise
 37686 | Swamp:1  | Killed Louise
 37690 | Swamp:1  | Reached skill level 15 in Spellcasting
 39474 | Swamp:1  | Learned a level 7 spell: Ozocubu's Refrigeration
 39840 | Swamp:2  | Reached skill level 10 in Ice Magic
 40495 | Swamp:3  | Noticed a thorn hunter
 40504 | Swamp:3  | Killed a thorn hunter
 40607 | Swamp:3  | Reached XP level 17. HP: 67/142 MP: 32/36
 41091 | Swamp:3  | Noticed Mlioglotl
 41113 | Swamp:3  | Killed Mlioglotl
 41390 | Swamp:4  | Entered Level 4 of the Swamp
 42150 | Swamp:4  | Found a transporter.
 42161 | Swamp:4  | Noticed Turbonekonecno's ghost (adept SpEn)
 42585 | Swamp:4  | Noticed the 27-headed Lernaean hydra
 42594 | Swamp:4  | Killed the 27-headed Lernaean hydra
 42816 | Swamp:4  | Got a decaying rune of Zot
 42954 | Swamp:4  | Found a transporter.
 43627 | Elf:1    | Reached skill level 15 in Dodging
 43826 | Elf:1    | Paralysed by an air elemental for 1 turns
 43926 | Elf:1    | Found Buxopuif's Antique Armour Shoppe.
 44033 | Elf:1    | Reached XP level 18. HP: 149/149 MP: 33/37
 44283 | Elf:1    | Found Gauxt's Antique Weapon Emporium.
 44286 | Elf:1    | Found Qeojooni's Magic Scroll Shoppe.
 44294 | Elf:1    | Bought a scroll of blinking for 112 gold pieces
 44518 | Elf:1    | Found Gabbejo's Antique Armour Boutique.
 46182 | Elf:2    | Found a runed translucent gate.
 46183 | Elf:2    | Found a runed translucent gate.
 46183 | Elf:2    | Found a runed translucent gate.
 47218 | Elf:2    | Reached skill level 15 in Invocations
 47424 | Elf:3    | Entered Level 3 of the Elven Halls
 48084 | Elf:3    | Noticed a deep elf blademaster
 48097 | Elf:3    | Killed a deep elf blademaster
 48821 | Elf:3    | Noticed a deep elf master archer
 48822 | Elf:3    | Identified the +7 dire flail of Quisoan {antimagic, rPois
                  | rF++ rC- Dex+4}
 48844 | Elf:3    | Killed a deep elf master archer
 49107 | Elf:3    | Noticed a deep elf blademaster
 49174 | Elf:3    | Identified the amulet "Fusu" {Spirit Rampage *Corrode Int+2
                  | Slay+5}
 49677 | Elf:3    | Killed a deep elf blademaster
 49679 | Elf:3    | Reached XP level 19. HP: 112/157 MP: 29/38
 50371 | Elf:3    | Identified the +4 battleaxe of Fortitude {pain, rC+}
 50721 | Elf:3    | Identified the +3 dagger "Ciure" {antimagic, rElec Int+4}
 50728 | Elf:3    | Identified the +1 pair of gloves "Bemyd" {Rampage rC- rCorr
                  | Int+4}
 50736 | Elf:3    | Identified the +3 rapier "Ciycoru" {pain, +Blink rF- rC+
                  | Dex+3}
 50736 | Elf:3    | Identified the +3 longbow of Qoacvoraxtu {venom, rElec}
 50761 | Elf:3    | Upgraded the game from 0.29-a0-418-gc0181ea820 to
                  | 0.29-a0-419-g77450f2105
 51065 | Spider:1 | Entered Level 1 of the Spider Nest
 51081 | Lair:4   | Reached skill level 1 in Transmutations
 51081 | Lair:4   | Reached skill level 1 in Air Magic
 51936 | Vaults:1 | Entered Level 1 of the Vaults
 52851 | Vaults:1 | Reached skill level 5 in Transmutations
 52851 | Vaults:1 | Reached skill level 5 in Air Magic
 54222 | Vaults:1 | Learned a level 7 spell: Storm Form
 54485 | Slime:1  | Entered Level 1 of the Pits of Slime
 54629 | Slime:1  | Gained mutation: You often lose your temper in combat. [a
                  | shining eye]
 55978 | Slime:3  | Reached XP level 20. HP: 138/166 MP: 18/40
 57279 | Slime:5  | Entered Level 5 of the Pits of Slime
 57292 | Slime:5  | Noticed the Royal Jelly
 57309 | Slime:5  | HP: 1/166 [acid blob/splash of acid (17)]
 57310 | Slime:5  | Mangled by a great orb of eyes

Illustrated notes

Levels and vault maps discovered:
D:1:      dpeg_arrival_three_same_balls, layout_rooms, serial_shops,
          nicolae_shop_trees
D:2:      layout_rooms, kennysheep_pointless_box, kennysheep_generic_room_13
D:3:      layout_rooms, ebering_ghost_reflecting_pool, minmay_misc_feat_ornament
D:4:      layout_basic, cheibrodos_ashenzari_chains, kiku_gazebo_garden_becter,
          uniq_sigmund
D:5:      dreamdust_elfheim, layout_basic, minmay_temple_entry_ruins,
          chequers_serial_rivers_small_b, uniq_eustachio
D:6:      layout_basic, nicolae_yredelemnul_corpse_copse, grunt_ministairs_11,
          uniq_crazy_yiuf_cottage, uniq_pikel
D:7:      layout_layer_cave, amethyst_overflow_temple_binary,
          lightli_ossuary_entry_decrepit_ruins, solitary_fountain
D:8:      layout_basic, mainiacjoe_overflow_alcove_2, lemuel_round_altar,
          dreamdust_mushroom_princess, st_stairs_6
D:9:      minmay_the_grid_triangle_9x9_rhombus_full
          [minmay_the_grid_triangle_9x9_sparse_checkered,
          minmay_the_grid_triangle_9x9_negative_grid,
          minmay_the_grid_triangle_9x9_intruding_spiral,
          minmay_the_grid_triangle_9x9_pentomino_pain,
          minmay_the_grid_triangle_9x9_wacky_v,
          minmay_the_grid_triangle_9x9_zippers_vertical,
          minmay_the_grid_triangle_9x9_swiss_cheese,
          minmay_the_grid_triangle_9x9_prize_schism], layout_basic,
          grunt_gozag_statues, lemuel_crystal_altar, mainiacjoe_overflow_swirl,
          corner_web_ring
D:10:     layout_basic, mainiacjoe_overflow_cross_hatched, lemuel_doored_altar,
          dpeg_oklobed_lair, uniq_nergalle, uniq_grum
D:11:     layout_rooms, zombieorc2_lemuel, uniq_psyche
D:12:     layout_irregular_city, uniq_sonja, uniq_urug
D:13:     layout_big_octagon, portal_ice_cave_entry_pillars_1, serial_shops,
          nicolae_shop_competitors_out_of_business,
          chequers_serial_rivers_small_a, amcnicky_mini_rare_corridor_liquid,
          uniq_frances
D:14:     layout_irregular_city, grunt_vaults_entry_fortified, hex_tiny,
          nicolae_trove_entry_columns, kennysheep_slug_shrine
Temple:   compressed_dpeg_triangle_lava_temple
Lair:1:   layout_hall_layers
Lair:2:   lemuel_reptile_caves, layout_hall_layers, serial_forest,
          infiniplex_forest_corner_1, infiniplex_forest_lined_ring,
          infiniplex_forest_lined_4_way, infiniplex_forest_end_1,
          infiniplex_forest_lined_3, infiniplex_forest_clump_medium,
          infiniplex_forest_join, infiniplex_forest_clump_cross,
          infiniplex_forest_clump_small, chequers_serial_rivers_room_b
Lair:3:   layout_gridlike, swamp_mist, grunt_megastairs_2, uniq_rupert,
          uniq_snorg
Lair:4:   layout_cave_pods, spider_nest_entry_a, minivault_11
Lair:5:   layout_cave_pods, minmay_slime_entry_oklob_open, lemuel_fruit_fields,
          uniq_kirke
Lair:6:   hangedman_lair_tendril_chambers, layout_gridlike
Swamp:1:  layout_basic_swamp, evilmike_swamp_ruin_rubble_1, swamp_pool4,
          hangedman_swamp_diagram, uniq_louise
Swamp:2:  layout_basic_swamp, nicolae_swamp_very_dense_foliage
Swamp:3:  cheibrodos_swamp_tower_of_moss, layout_falls_marsh,
          evilmike_swamp_ruin_house_1, infiniplex_staircase_pool_2,
          uniq_mlioglotl
Swamp:4:  grunt_swamp_rune_castle, layout_basic_swamp,
          gammafunk_ghost_berserking_beasts, swamp_pool4,
          infiniplex_staircase_pool
Spider:1: layout_spider_delve, hangedman_spider_mandibles,
          nicolae_spider_some_kinda_spiderbox
Slime:1:  layout_caves
Slime:2:  layout_caves
Slime:3:  cheibrodos_slime_lost_civilization_9, layout_caves
Slime:4:  layout_caves
Slime:5
Orc:1:    layout_caves, minmay_orc_temple_b, uniq_fannar
Orc:2:    st_orc_mages, layout_diamond_mine, minmay_shop_enchanted_jewellery,
          nicolae_orc_lava_room
Elf:1:    minmay_elf_crystal_octagon, layout_loops_corners, serial_shops, shop,
          hangedman_corner_corridor, minmay_shop_star
Elf:2:    nicolae_elf_blades_crystal_corner, layout_loops_ring,
          lemuel_upstairs_altar
Elf:3:    minmay_elf_hall_circle, layout_geoelf_octagon,
          minmay_misc_feat_pillars, serial_sigils_hangedman_confine, st_stairs_7
Vaults:1: vaults_room_door_hall, nicolae_vaults_what_the_h, vaults_dpeg_cross,
          ontoclasm_vaults_ring_square, hangedman_vaults_impose,
          nicolae_vaults_little_ls, ontoclasm_vaults_twist,
          vaults_room_stairs_pillars, v_rooms_4, v_misc_3,
          hangedman_vaults_slice, nicolae_vaults_mini_display_case,
          ontoclasm_vaults_decontamination, layout_vaults_big_cross

Skill      XL: |  1  2  3  4  5  6  7  8  9 10 11 12 13 14 15 16 17 18 19 20 |
---------------+-------------------------------------------------------------+-----
Ice Magic      | 5 6 11 12 | 12.0
Spellcasting   | 3 4 5 8 12 15 16 | 16.0
Summonings     | 2 5 8 9 11 13 14 | 14.0
Fighting       | 1 6 10 15 16 | 16.5
Armour         | 1 8 11 | 11.0
Dodging        | 8 11 15 | 15.0
Invocations    | 5 11 12 13 16 | 16.0
Transmutations | 7 8 |  8.0
Air Magic      | 7 9 |  9.4
Stealth        | |  1.7

Action                   |  1- 3 |  4- 6 |  7- 9 | 10-12 | 13-15 | 16-18 | 19-21 || total
-------------------------+-------+-------+-------+-------+-------+-------+-------++-------
Melee: Unarmed           |    28 |       |       |       |       |       |    54 ||    82
       Punch             |     1 |     1 |     1 |     1 |     1 |     9 |     7 ||    21
       Broad axe         |       |    23 |       |       |       |       |       ||    23
       Whip              |       |     9 |    70 |       |       |       |       ||    79
       Scimitar          |       |       |    48 |    47 |       |       |       ||    95
       Morningstar       |       |       |       |    12 |   202 |   289 |    92 ||   595
 Cast: Freeze            |    61 |    44 |    48 |    13 |       |       |       ||   166
       Frozen Ramparts   |       |     9 |    19 |     1 |       |       |       ||    29
       Ozocubu's Armour  |       |     5 |    16 |     1 |       |     1 |       ||    23
       Summon Ice Beast  |       |     1 |    24 |       |     1 |       |       ||    26
       Summon Cactus Gia |       |       |     4 |    35 |    11 |     3 |       ||    53
       Summon Mana Viper |       |       |       |    12 |     7 |     4 |       ||    23
       Monstrous Menager |       |       |       |    48 |   192 |   252 |    89 ||   581
       Summon Hydra      |       |       |       |       |    51 |    24 |     6 ||    81
       Summon Forest     |       |       |       |       |       |    12 |    11 ||    23
       Ozocubu's Refrige |       |       |       |       |       |     1 |     1 ||     2
       Storm Form        |       |       |       |       |       |       |     7 ||     7
Invok: Upheaval          |       |       |       |       |     3 |     7 |     2 ||    12
       Elemental Force   |       |       |       |       |     2 |     6 |       ||     8
       Disaster Area     |       |       |       |       |     1 |     6 |     3 ||    10
 Abil: Hop               |     1 |       |     3 |     1 |     5 |     1 |     1 ||    12
Evoke: Wand              |       |       |     1 |     9 |     3 |     4 |       ||    17
  Use: Potion            |     1 |     2 |     8 |     2 |    13 |    11 |       ||    37
       Scroll            |       |       |    11 |     3 |    10 |    11 |     7 ||    42
 Stab: Invisible         |       |     1 |       |       |       |       |       ||     1
       Distracted        |       |       |     2 |       |     3 |     8 |     7 ||    20
       Confused          |       |       |       |       |       |     1 |       ||     1
       Paralysed         |       |       |       |       |       |     1 |       ||     1
Armor: Robe              |    10 |    15 |    58 |    38 |    43 |       |       ||   164
       Skin              |       |       |     2 |       |       |       |    10 ||    12
       Leather armour    |       |       |       |       |    20 |    64 |    37 ||   121
Dodge: Dodged            |    57 |    61 |   156 |    99 |   324 |   471 |   306 ||  1474
       Repelled          |       |       |       |       |     2 |    26 |    14 ||    42
Block: Other             |       |       |     1 |    18 |   162 |   169 |    99 ||   449
       Rpst.: Morningstar |       |       |       |       |       |   107 |    68 ||   175

Table legend: (Time is in decaauts)
 A = Elapsed time spent in this place.
 B = Non-inter-level travel time spent in this place.
 C = Inter-level travel time spent in this place.
 D = Time resting spent in this place.
 E = Time spent auto-exploring this place.
 F = Levels seen in this place.
 G = Mean time per level.
                   A        B        C        D        E       F      G
               +--------+--------+--------+--------+--------+-----+--------+
         Total |  62077 |  58768 |   3309 |   7064 |  43526 |  37 | 1677.8 |
       Dungeon |  27039 |  25583 |   1456 |   3413 |  18812 |  14 | 1931.4 |
        Temple |    522 |    522 |      0 |      0 |    404 |   1 |  522.0 |
          Lair |  12907 |  11837 |   1070 |   1437 |   8870 |   6 | 2151.2 |
         Swamp |   5811 |   5674 |    137 |    489 |   4348 |   4 | 1452.8 |
   Spider Nest |     24 |     24 |      0 |      0 |      0 |   1 |   24.0 |
    Slime Pits |   2653 |   2608 |     45 |    868 |   1451 |   5 |  530.6 |
  Orcish Mines |   2393 |   2127 |    266 |    482 |   1229 |   2 | 1196.5 |
   Elven Halls |   8181 |   7895 |    286 |    334 |   6297 |   3 | 2727.0 |
        Vaults |   2543 |   2497 |     46 |     39 |   2113 |   1 | 2543.0 |
               +--------+--------+--------+--------+--------+-----+--------+

Top non-repeatable levels by time:
     D:9: 3831 daAuts
   Elf:3: 3581 daAuts
    D:14: 2605 daAuts
     D:6: 2601 daAuts
Vaults:1: 2543 daAuts
  Lair:6: 2515 daAuts
  Lair:2: 2515 daAuts
    D:10: 2454 daAuts
  Lair:4: 2430 daAuts
   Elf:2: 2314 daAuts
   Elf:1: 2285 daAuts
  Lair:5: 2228 daAuts
    D:11: 2018 daAuts
  Lair:3: 1980 daAuts
    D:12: 1971 daAuts
